 Dungeon Crawl Stone Soup version 0.14.0-15-g6b16f67 (webtiles) character file.

21 Kejsarherre the Grave Robber (level 1, 0/11 HPs)
             Began as an Octopode Necromancer on Apr 18, 2014.
             Slain by an ooze (4 damage)
             ... on Level 1 of the Dungeon.
             The game lasted 00:00:45 (304 turns).

Kejsarherre the Grave Robber (Octopode Necromancer)  Turns: 304, Time: 00:00:45

HP   0/11        AC  1     Str  7      XL: 1   Next: 90%
MP   1/3         EV 12     Int 17      God:
Gold 15          SH  0     Dex 12      Spells:  1 memorised,  4 levels left

rFire  . . .     SeeInvis .     e - +0 dagger
rCold  . . .     Clarity  .     (no shield)
rNeg   . . .     Conserve .     (helmet restricted)
rPois  .         rCorr    .     (no amulet)
rElec  .         rRot     .     (no ring)
SustAb . .       Spirit   .     (no ring)
rMut   .         Warding  .     (no ring)
Saprov . . .     Stasis   .     (no ring)
MR     .....                    (no ring)
                                (no ring)
                                (no ring)
                                (no ring)

@: not resistant to hostile enchantments, quite stealthy
A: almost no armour, amphibious, 8 rings, constrict 8, camouflage 1, gelatinous
body 1
a: no special abilities


You were on level 1 of the Dungeon.
You were not hungry.

You visited 1 branch of the dungeon, and saw 1 of its levels.

You collected 15 gold pieces.

Inventory:

Hand weapons
 e - a +0,+0 dagger (weapon)
Comestibles
 c - a bread ration
Potions
 d - a potion of curing {unknown}
Books
 b - a book of Necromancy

   Spells                             Type                      Level
   *Pain                              Necromancy                   1
   Animate Skeleton                   Necromancy                   1
   Lethal Infusion                    Charms/Necromancy            2
   Vampiric Draining                  Necromancy                   3
   Regeneration                       Charms/Necromancy            3
   Animate Dead                       Necromancy                   4
   Control Undead                     Necromancy                   4


   Skills:
 - Level 2.0 Dodging
 - Level 2.6 Stealth
 + Level 2.5 Spellcasting
 - Level 4.0 Necromancy


You had 4 spell levels left.
You knew the following spells:

 Your Spells              Type           Power        Failure   Level  Hunger
a - Pain                  Necr           ###.         3%          1    #......


Dungeon Overview and Level Annotations

Branches:
Dungeon (1/15)

Altars:
Xom


Innate Abilities, Weirdness & Mutations

You cannot wear most types of armour.
You are amphibious.
You can wear up to eight rings at the same time.
You can use your tentacles to constrict many enemies at once.
Your skin changes colour to match your surroundings (Stlth).
Your rubbery body absorbs attacks (AC +1).


Message History

The ooze is lightly wounded.
The ooze closely misses you.
The kobold shouts!
The ooze closely misses you.
Casting: Pain
Confirm with . or Enter, or press ? or * to list all spells.
Aiming: Pain
Press: ? - help, Shift-Dir - straight line, f - ooze
Aim: an ooze (lightly wounded)
The ooze convulses in agony!
Casting: Pain
Confirm with . or Enter, or press ? or * to list all spells.
Aiming: Pain
Press: ? - help, Shift-Dir - straight line, f/p - ooze
Aim: an ooze (moderately wounded)
The ooze struggles to resist.
You hit the ooze. You squeeze the ooze.
The ooze is severely wounded.
The ooze hits you.
You die...

#......# #.#...K....# #...
#......###.#........# ###..#
#.......................#..#
##.)................## #.#..#
##..##^##.......$..?.# #.#..+
#..##.≈≈##...############.#..#
#.##....###..# #......##.#..#
#.#._≈..♣♣#..####......##.#..##
#.#_.≈.≈._##...J@..........>..#
#.....__#....####.........#...+#
###_._..#.##.# #.......#.#....##
#≈≈...#.##.# #.......###.....#
##≈≈§..###.# #...............#
##..^## #)# ###########......
##^#####.# #...8.. #.......#
#...... ######### #......


You could see an ooze.

Vanquished Creatures
  A goblin (D:1)
  A hobgoblin (D:1)
  2 kobolds (D:1)
  A bat (D:1)
5 creatures vanquished.

Notes
Turn   | Place    | Note
--------------------------------------------------------------
     0 | D:1      | Kejsarherre, the Octopode Necromancer, began the quest for the Orb.
     0 | D:1      | Reached XP level 1. HP: 11/11 MP: 3/3
    88 | D:1      | Found a shimmering altar of Xom.
    89 | D:1      | Found a shimmering altar of Xom.
    91 | D:1      | Found a shimmering altar of Xom.
    91 | D:1      | Found a shimmering altar of Xom.
   108 | D:1      | Found a shimmering altar of Xom.
   108 | D:1      | Found a shimmering altar of Xom.
   108 | D:1      | Found a shimmering altar of Xom.
   304 | D:1      | Slain by an ooze

Action                   || total
-------------------------++-------
Melee: Unarmed           ||     7
       Dagger            ||     3
 Cast: Pain              ||     6
 Stab: Sleeping          ||     1
